AoeStats
← Kýlê

Arena

505065594Analyzed
3v3 RM · 25d ago on Sep 7, 2026· 42m 11s· 6 players
Game mode
Random Map
Map size
Normal (6 player)
Population
200
Speed
Normal
Resources
Standard
Victory
Conquest
Starting age
Dark Age
Ending age
Imperial Age
RankedLock teamsTeams togetherTeam positionsShared explorationLock speedFull tech treeHidden civsTurbo modeCheats
Victory
Defeat
🇧🇷 Poles · Brazil
928
+14
🇨🇴 Lithuanians · Colombia
902
+14
🇦🇿 Turks · Azerbaijan
888
+14
🇩🇪 Persians · Germany
873
-38
🇩🇪 Spanish · Germany
873
-38
🇩🇪 Persians · Germany
873
-38
Rammstilhos
9:49 Feudal Age
16:53 Castle Age
16:40 Stone Mining
17:00 Double-Bit Axe
18:31 Bow Saw
18:28 Horse Collar
21:05 Gold Mining
21:22 Heavy Plow
21:29 Fletching
21:48 Scale Barding Armor
21:55 Forging
25:16 Bodkin Arrow
25:29 Scale Barding Armor
25:36 Forging
28:27 Imperial Age
25:34 Light Cavalry
26:16 Husbandry
27:59 Bloodlines
30:52 Stone Shaft Mining
30:43 Conscription
31:19 Winged Hussar
33:01 Fortified Wall
35:33 Lechitic Legacy
38:05 Chain Barding Armor
38:21 Iron Casting
39:14 Ballistics
38:50 Murder Holes
40:45 Chemistry
42:43 Hoardings
alejo160000
13:03 Feudal Age
17:26 Castle Age
15:50 Double-Bit Axe
17:53 Wheelbarrow
17:48 Scale Barding Armor
17:56 Forging
18:32 Bow Saw
18:03 Horse Collar
20:08 Heavy Plow
23:41 Hand Cart
31:35 Imperial Age
29:46 Gold Mining
29:47 Stone Mining
30:25 Chain Barding Armor
30:40 Iron Casting
32:19 Bloodlines
32:10 Husbandry
32:49 Iron Casting
32:37 Elite Leitis
34:39 Plate Barding Armor
36:12 Conscription
36:31 Caravan
trn25
11:34 Feudal Age
12:08 Double-Bit Axe
12:15 Gold Mining
13:26 Horse Collar
14:43 Wheelbarrow
18:51 Castle Age
17:20 Stone Mining
19:47 Heavy Plow
19:59 Bow Saw
22:06 Scale Barding Armor
28:09 Imperial Age
26:27 Gold Shaft Mining
28:10 Forging
29:30 Padded Archer Armor
29:21 Fletching
32:09 Leather Archer Armor
31:50 Bodkin Arrow
32:57 Hand Cart
36:30 Chain Barding Armor
36:41 Ring Archer Armor
41:39 Husbandry
virulus
1:25 Loom
13:43 Feudal Age
13:59 Horse Collar
14:08 Double-Bit Axe
14:17 Gold Mining
18:58 Wheelbarrow
27:11 Castle Age
25:27 Man-at-Arms
25:53 Arson
27:14 Long Swordsman
27:42 Gambesons
28:02 Squires
28:17 Bow Saw
28:46 Gold Shaft Mining
28:19 Heavy Plow
29:40 Hand Cart
29:35 Pikeman
38:52 Imperial Age
38:42 Husbandry
38:54 Bloodlines
38:06 Light Cavalry
40:51 Thumb Ring
40:09 Elite Skirmisher
40:09 Crossbowman
41:18 Parthian Tactics
40:47 Heavy Camel Rider
Art of War
11:55 Feudal Age
15:57 Castle Age
14:05 Double-Bit Axe
14:13 Horse Collar
14:31 Gold Mining
19:02 Loom
23:10 Heavy Plow
24:40 Pikeman
28:49 Wheelbarrow
33:21 Imperial Age
31:09 Hand Cart
33:38 Imperial Age
31:31 Forging
31:22 Scale Mail Armor
31:28 Scale Barding Armor
31:31 Husbandry
32:45 Bloodlines
32:41 Squires
32:29 Arson
33:25 Iron Casting
33:04 Bow Saw
32:31 Light Cavalry
32:38 Elite Skirmisher
33:29 Cavalier
35:30 Halberdier
36:03 Hussar
36:20 Crossbowman
41:48 Blast Furnace
41:03 Chain Mail Armor
Kýlê
12:04 Feudal Age
18:03 Castle Age
16:22 Double-Bit Axe
16:39 Horse Collar
17:21 Stone Mining
19:56 Husbandry
20:06 Town Watch
20:57 Wheelbarrow
21:09 Scale Mail Armor
22:11 Loom
22:59 Bloodlines
24:38 Bow Saw
26:58 Hand Cart
27:11 Light Cavalry
27:59 Scale Barding Armor
28:12 Forging
29:21 Masonry
29:27 Heavy Plow
29:35 Caravan
30:14 Iron Casting
33:50 Imperial Age
33:08 Inquisition
33:41 Chain Barding Armor
33:33 Padded Archer Armor
33:58 Ballistics
33:36 Murder Holes
33:51 Devotion
37:16 Illumination
41:23 Chemistry
Connection lost

Rejoining the realm…

Still unreachable

The connection could not be restored.

Session expired

The server has moved on; the page needs a fresh start.